 Dungeon Crawl Stone Soup version 0.16-a0-328-gfd822c7 (webtiles) character file.

432 PolkaDot the Summoner (level 6, 0/41 HPs)
             Began as a Vampire Summoner on Sept 6, 2014.
             Killed by divine providence
             ... invoked by an orc priest
              (9 damage)
             ... on Level 4 of the Dungeon.
             The game lasted 00:17:09 (3821 turns).

PolkaDot the Summoner (Vampire Summoner)            Turns: 3821, Time: 00:17:10

HP   0/41        AC  3     Str  7      XL: 6   Next: 67%
MP   3/10        EV 12     Int 19      God:
Gold 210         SH  0     Dex 14      Spells:  3 memorised,  3 levels left

rFire  . . .     SeeInvis +     c - +1 dagger (freeze)
rCold  . . .     Clarity  .     a - +0 robe
rNeg   . . .     rCorr    .     (no shield)
rPois  .         rRot     .     (helmet restricted)
rElec  .         Spirit   .     o - +0 cloak
SustAb .         Warding  .     (no gloves)
rMut   .         Stasis   .     (no boots)
Gourm  .                        (no amulet)
MR     .....                    (no ring)
                                (no ring)

@: regenerating quickly, slowed, very slow, not resistant to hostile
enchantments, unstealthy
A: bottle blood, antennae 1, fangs 3, see invisible, deterioration 1,
unbreathing, evolution 1
a: Bottle Blood


You were on level 4 of the Dungeon.
You were very full.

You visited 1 branch of the dungeon, and saw 4 of its levels.
You also visited: Sewer.

You collected 210 gold pieces.

Inventory:

Hand weapons
 c - a +1 dagger of freezing (weapon)
Armour
 a - a +0 robe (worn)
 o - a +0 cloak (worn)
Magical devices
 m - a wand of slowing (11)
Scrolls
 d - 3 scrolls of remove curse
 e - a scroll of blinking {unknown}
 g - a scroll of immolation {unknown}
 h - a scroll of identify {unknown}
 i - a scroll of magic mapping {unknown}
 k - a scroll of enchant armour {unknown}
 l - a scroll of noise {unknown}
 n - a scroll of enchant weapon {unknown}
Jewellery
 f - an uncursed amulet of stasis {unknown}
Books
 b - a book of Callings

   Spells                             Type                      Level
   *Summon Small Mammal               Summoning                    1
   *Call Imp                          Summoning                    2
   *Call Canine Familiar              Summoning                    3
   Summon Guardian Golem              Hexes/Summoning              4
   Summon Lightning Spire             Summoning/Air                4
   Summon Ice Beast                   Ice/Summoning                4


   Skills:
 - Level 2.1 Dodging
 - Level 3.0 Stealth
 - Level 2.0 Spellcasting
 * Level 8.1 Summonings


You had 3 spell levels left.
You knew the following spells:

 Your Spells              Type           Power        Failure   Level  Hunger
a - Summon Small Mammal   Summ           ####         1%          1    #......
d - Call Canine Familiar  Summ           ####....     1%          3    ####...
s - Call Imp              Summ           ####....     1%          2    ##.....


Dungeon Overview and Level Annotations

Branches:
Dungeon (4/15)
 Temple: D:4-7

Altars:
Ashenzari
Dithmenos
Elyvilon
Kikubaaqudgha
Makhleb
Okawaru
Xom


Innate Abilities, Weirdness & Mutations

Your natural rate of healing is unusually fast.
You can bottle blood from corpses.
You have razor-sharp teeth.
You have supernaturally acute eyesight.
You can survive without breathing.
You have a pair of small antennae on your head.
Your body is slowly deteriorating.
You evolve.


Message History

You barely miss the hobgoblin.
The hobgoblin is heavily wounded.
The hobgoblin hits you with a club.
* * * LOW HITPOINT WARNING * * *
The orc priest invokes the aid of Beogh against your shadow imp.
Your shadow imp is smitten.
Your shadow imp dies!
Your crimson imp blinks!
The hobgoblin misses you.
You hit the hobgoblin but do no damage.
The hobgoblin is heavily wounded.
The hobgoblin closely misses you.
An ogre comes into view. It is wielding a giant spiked club.
You hit the hobgoblin but do no damage.
The hobgoblin is heavily wounded.
Your crimson imp disappears in a puff of smoke!
The hobgoblin barely misses you.
Your hound barely misses the hobgoblin.
The orc priest invokes the aid of Beogh against you.
Something smites you!
You die...

#.....!.... ... #(..#.##.O#
#.. #...#.##.ยง# # #.# #
#...#.##..##%# #.# #_ #$
#.#.#.##.....# ##.##8..
#.##.._..##..##.# #..##...
#...#.#........# ##..#_...
##.#..#####.##.# ##..###...
##o..#####@##.####...###8..
##.#..o.oo.hg.....#...## ##_
#.##.....)#.##.##.....[#####
#o#########..##.##...)<).....
#. ####..##.##...)%).#### #.
#........##.#..)###... #o
#.##..#####.#..)###... #o
#.##..#####........... #o
#.##..................


You could see an ogre, 2 orc priests, an orc, a hobgoblin and a friendly hound.

Vanquished Creatures
  A worker ant (D:4)
  Ijyb (D:2)
  2 adders
  A worm (D:3)
  10 giant mites
  10 giant geckos
  4 oozes
  5 orcs
  3 ball pythons (Sewer)
  5 bats
  8 giant cockroaches
  5 goblins
  6 hobgoblins
  4 jackals
  A quokka (D:2)
  11 giant newts
  3 kobolds
  A rat (D:2)
81 creatures vanquished.

Vanquished Creatures (collateral kills)
  An orc warrior (D:4)
  2 giant frogs (Sewer)
  2 orc wizards (D:4)
  A worker ant (D:4)
  Natasha (thrice) (D:3)
  4 adders
  A worm (D:3)
  2 giant geckos
  3 oozes (Sewer)
  5 orcs (D:4)
  A ball python (Sewer)
  A giant cockroach (Sewer)
  A kobold (D:1)
  A giant newt (Sewer)
  A goblin (D:1)
  A jackal skeleton (D:4)
  An orc skeleton (D:4)
31 creatures vanquished.

Vanquished Creatures (others)
  A crimson imp (D:4)
  3 hounds
  A shadow imp (D:4)
  2 white imps
  A hobgoblin (D:3)
8 creatures vanquished.

Grand Total: 120 creatures vanquished

Notes
Turn   | Place    | Note
--------------------------------------------------------------
     0 | D:1      | PolkaDot, the Vampire Summoner, began the quest for the Orb.
     0 | D:1      | Reached XP level 1. HP: 13/13 MP: 3/3
   233 | D:1      | Reached XP level 2. HP: 19/19 MP: 4/4
   855 | D:2      | Noticed Ijyb
   870 | D:2      | Killed Ijyb
   870 | D:2      | Reached skill level 5 in Summonings
   870 | D:2      | Reached XP level 3. HP: 24/24 MP: 1/6
   879 | D:2      | Learned a level 2 spell: Call Imp
   883 | D:2      | Learned a level 3 spell: Call Canine Familiar
   916 | D:2      | Found an iron altar of Okawaru.
  1331 | D:3      | Found a glowing drain.
  1358 | D:3      | Found a burning altar of Makhleb.
  1378 | Sewer    | Entered a sewer
  1379 | Sewer    | Reached XP level 4. HP: 21/30 MP: 5/7
  1632 | Sewer    | Reached skill level 6 in Summonings
  1870 | Sewer    | Reached XP level 5. HP: 23/35 MP: 9/9
  2274 | Sewer    | Noticed a giant frog
  2275 | Sewer    | Noticed a giant frog
  2289 | Sewer    | Killed a giant frog
  2289 | Sewer    | Reached skill level 7 in Summonings
  2291 | Sewer    | Killed a giant frog
  2420 | D:3      | Found a shattered altar of Ashenzari.
  2644 | D:3      | Noticed Natasha
  2654 | D:3      | Killed Natasha
  2654 | D:3      | Reached XP level 6. HP: 41/41 MP: 0/10
  2936 | D:3      | Noticed Natasha
  2950 | D:3      | Killed Natasha
  3131 | D:3      | Noticed Natasha
  3171 | D:3      | Noticed a wolf
  3171 | D:3      | a hound changed into a wolf
  3172 | D:3      | Killed Natasha
  3541 | D:4      | Found a shimmering altar of Xom.
  3541 | D:4      | Found a shadowy altar of Dithmenos.
  3542 | D:4      | Found a white marble altar of Elyvilon.
  3545 | D:4      | Reached skill level 8 in Summonings
  3784 | D:4      | Found an ancient bone altar of Kikubaaqudgha.
  3817 | D:4      | Gained mutation: Your body is slowly deteriorating. [potion of mutation]
  3817 | D:4      | Gained mutation: You have a pair of small antennae on your head. [potion of mutation]
  3817 | D:4      | Gained mutation: You evolve. [potion of mutation]
  3821 | D:4      | Killed from afar by an orc priest

Action                   |  1- 3 |  4- 6 || total
-------------------------+-------+-------++-------
Melee: Dagger            |   112 |   203 ||   315
       Unarmed           |    10 |       ||    10
 Cast: Summon Small Mamm |     8 |     3 ||    11
       Call Canine Famil |     1 |    13 ||    14
       Call Imp          |       |    21 ||    21
Evoke: Wand              |       |     1 ||     1
  Use: Potion            |     1 |     7 ||     8
       Scroll            |       |     2 ||     2
 Stab: Sleeping          |     8 |     2 ||    10
       Distracted        |     1 |       ||     1
       Invisible         |       |     1 ||     1
  Eat: Corpse            |    12 |    22 ||    34
